 Dungeon Crawl Stone Soup version 0.29.1-1-gd02db6906a (webtiles) character file.

Game seed: 3105634294499428245

193 Senryu the Cudgeller (level 5, -5/46 HPs)
             Began as a Draconian Monk on Sept 16, 2022.
             Was a Priest of Uskayaw.
             Slain by a worm (9 damage)
             ... on level 3 of the Dungeon.
             The game lasted 00:09:39 (2290 turns).

Senryu the Cudgeller (Draconian Monk)               Turns: 2290, Time: 00:09:40

Health: -5/46      AC:  5    Str: 13    XL:     5   Next: 44%
Magic:  5/5        EV: 13    Int: 13    God:    Uskayaw [***...]
Gold:   75         SH:  0    Dex: 13    Spells: 4/4 levels left

rFire   . . .      SeeInvis .   a - +1 mace
rCold   . . .      Faith    .   (no shield)
rNeg    . . .      Spirit   .   (body armour unavailable)
rPois   .          Reflect  .   (helmet restricted)
rElec   .          Harm     .   d - scarf {repulsion}
rCorr   .          Rampage  .   (no gloves)
Will    .....                   (no boots)
Stlth   ++........              j - amulet of regeneration
HPRegen 0.95/turn               (no ring)
MPRegen 0.09/turn               (no ring)

@: repel missiles
A: AC +5, unfitting armour, cold-blooded
a: Renounce Religion, Stomp, Line Pass


You were on level 3 of the Dungeon.
You worshipped Uskayaw.
Uskayaw was noncommittal.
You visited 1 branch of the dungeon, and saw 3 of its levels.

You collected 135 gold pieces.
You spent 60 gold pieces at shops.

Inventory:

Hand Weapons
 a - a +1 mace (weapon)
 m - a +0 whip
Armour
 d - a scarf of repulsion (worn)
Jewellery
 j - an amulet of regeneration (around neck)
Scrolls
 e - a scroll of vulnerability
 i - a scroll of amnesia
 k - 2 scrolls of identify
Potions
 b - a potion of ambrosia
 c - a potion of heal wounds {unknown}
 f - 2 potions of berserk rage
 g - 2 potions of flight
 h - a potion of resistance {unknown}
 l - a potion of lignification {unknown}
 n - a potion of magic {unknown}


   Skills:
 * Level 4.2 Fighting
 * Level 4.7 Maces & Flails
 * Level 3.4 Dodging
 * Level 2.6 Stealth


You had 4 spell levels left.
You didn't know any spells.
Your spell library was empty.

Dungeon Overview and Level Annotations

Branches:
Dungeon (3/15)

Altars:
Uskayaw

Shops:
D:2 ?


Innate Abilities, Weirdness & Mutations

Your plain brown scales are hard. (AC +5)
You cannot fit into any form of body armour.
You are cold-blooded and may be slowed by cold attacks.


Message History

You can now pass through a line of other dancers.
The gnoll hits you with a +0 halberd!
Items here: ))) †.
You hit the gnoll.
The gnoll is lightly wounded.
The gnoll hits you with a +0 halberd.
You hit the gnoll.
The gnoll is moderately wounded.
The gnoll barely misses you.
You hit the gnoll.
Your tail-slap misses the gnoll.
The gnoll is heavily wounded.
The gnoll hits you with a +0 halberd.
You hit the gnoll.
The gnoll is almost dead.
The gnoll hits you with a +0 halberd. The gnoll hits you with a +0 halberd!
* * * LOW HITPOINT WARNING * * *
Uskayaw will force your foes to helplessly watch your dance.
Uskayaw prepares the audience for your solo!
The helpless gnoll fails to defend itself.
You thump the gnoll!
You kill the gnoll!
The worm is no longer paralysed.
You completely miss the worm. You hit the worm.
The worm is moderately wounded.
The worm bites you but does no damage.
You hit the worm.
The worm is heavily wounded.
The worm bites you.
* * * LOW HITPOINT WARNING * * *
You barely miss the worm.
The worm is heavily wounded.
You hit the worm.
The worm is severely wounded.
The worm bites you.
* * * LOW HITPOINT WARNING * * *
You hit the worm.
The worm is almost dead.
The worm bites you!
You die...

...###(# #.# ##.....#
#.#
#####################.#
#...)................#
#.####################
#.# #.#
#.####################
#.............@w......
######################


You could see a worm.

Vanquished Creatures
  2 orc priests (D:3)
  Jessica (D:2)
  3 gnolls (D:3)
  An adder (D:3)
  A worm (D:2)
  3 dart slugs
  4 orcs (D:3)
  2 ball pythons
  5 endoplasms
  3 giant cockroaches (D:1)
  10 goblins
  7 hobgoblins
  6 kobolds
  2 bats (D:2)
  4 frilled lizards
  4 rats
58 creatures vanquished.

Vanquished Creatures (others)
  2 plants (D:1)
2 creatures vanquished.

Grand Total: 60 creatures vanquished

Notes
Turn   | Place    | Note
-------+----------+-------------------------------------------
     0 | D:1      | Senryu the Draconian Monk began the quest for the Orb.
     0 | D:1      | Reached XP level 1. HP: 19/19 MP: 1/1
   148 | D:1      | Reached XP level 2. HP: 19/26 MP: 2/2
   632 | D:1      | Reached XP level 3. HP: 30/33 MP: 3/3
   645 | D:1      | Found a faded altar of an unknown god.
   659 | D:1      | Prayed at the altar of an unknown god.
   659 | D:1      | Became a worshipper of Uskayaw the Reveller
   659 | D:1      | Reached * piety under Uskayaw
   659 | D:1      | Reached ** piety under Uskayaw
  1261 | D:2      | Noticed Jessica
  1270 | D:2      | Killed Jessica
  1436 | D:2      | Reached XP level 4. HP: 40/40 MP: 4/4
  1695 | D:2      | Found Nybb's Magic Scroll Emporium.
  1711 | D:2      | Bought a scroll of identify for 20 gold pieces
  1711 | D:2      | Bought a scroll of identify for 20 gold pieces
  1711 | D:2      | Bought a scroll of identify for 20 gold pieces
  2060 | D:3      | Reached *** piety under Uskayaw
  2062 | D:3      | Reached XP level 5. HP: 30/46 MP: 5/5
  2067 | D:3      | Reached **** piety under Uskayaw
  2290 | D:3      | Slain by a worm

Illustrated notes

Levels and vault maps discovered:
D:1:      minmay_arrival_five_plusses, layout_basic,
          shapermc_ecumenical_altar_acropolis
D:2:      layout_basic, serial_shops, nicolae_shop_crystal, uniq_jessica
D:3:      layout_basic, minmay_misc_feat_alley

Skill      XL: |  1  2  3  4 |
---------------+-------------+-----
Dodging        | 3 |  3.4
Stealth        | 2 |  2.6
Maces & Flails | 4 |  4.7
Fighting       | 4 |  4.2

Action                   |  1- 3 |  4- 6 || total
-------------------------+-------+-------++-------
Melee: Mace              |    86 |    81 ||   167
       Tailslap          |     6 |    14 ||    20
       Punch             |       |     2 ||     2
  Use: Scroll            |     3 |     3 ||     6
       Potion            |       |     2 ||     2
 Stab: Sleeping          |     3 |     1 ||     4
       Paralysed         |       |     3 ||     3
       Distracted        |       |     1 ||     1
Armor: Skin              |    29 |    17 ||    46
Dodge: Dodged            |    52 |    48 ||   100
